 Dungeon Crawl Stone Soup version 0.30-a0-757-ga6a79fd877 (webtiles) character file.

Game seed: 866111830934216913

1913 browni3141 the Basher (level 8, 0/67 HPs)
             Began as a Mummy Cinder Acolyte on Feb 9, 2023.
             Was a Priest of Ignis.
             Slain by a kobold brigand
             ... wielding a +2 dagger of venom
              (4 damage)
             ... on level 7 of the Dungeon.
             The game lasted 00:16:02 (6724 turns).

browni3141 the Basher (Mummy Cinder Acolyte)        Turns: 6724, Time: 00:16:02

Health: 0/67       AC: 13    Str: 17    XL:     8   Next: 95%
Magic:  4/23       EV: 11    Int: 16    God:    Ignis [***...]
Gold:   278        SH:  0    Dex:  7    Spells: 13/15 levels left

rFire   . . .      SeeInvis .    a - -1 mace (flame)
rCold   + + .      Faith    +    (no shield)
rNeg    + + +      Spirit   .    i - +0 leather armour
rPois   ∞          Reflect  .    (no helmet)
rElec   .          Harm     .    o - +2 cloak {rCorr}
rCorr   +          Rampage  .    (no gloves)
Will    +....                    (no boots)
Stlth   +                        (no amulet)
HPRegen 0.31/turn                k - ring of protection from cold
MPRegen 0.18/turn                u - ring of magical power

@: fiery-armoured
A: cold resistance 1, negative energy resistance 3, torment resistance 2, heat
vulnerability 1, in touch with death 1, no potions, faith
a: Renounce Religion, Fiery Armour, Foxfire Swarm, Rising Flame


You were on level 7 of the Dungeon.
You worshipped Ignis.
Ignis was most pleased with you.
You visited 1 branch of the dungeon, and saw 7 of its levels.

You collected 388 gold pieces.
You spent 110 gold pieces at shops.

Inventory:

Hand Weapons
 a - a -1 mace of flaming (weapon)
 b - a +2 dagger of venom
 q - a +0 flail
Missiles
 s - a throwing net
Armour
 i - a +0 leather armour (worn)
 l - a +0 robe
 o - a +2 cloak of preservation (worn)
 t - a +0 kite shield
Jewellery
 k - a ring of protection from cold (left hand)
 u - a ring of magical power (right hand)
 v - the ring of Vaoskenn {Fly rElec rN+ Dex+5 Stlth-}
   (You found it on level 7 of the Dungeon)

   [ring of flight]

   Dex:       It affects your dexterity (+5).
   rElec:     It insulates you from electricity.
   rN:        It protects you from negative energy.
   Fly:       It grants you flight.
   Stlth:     It makes you less stealthy.
Wands
 c - a wand of digging (6)
Scrolls
 d - 2 scrolls of noise
 e - a scroll of amnesia
 f - a scroll of fog
 g - 4 scrolls of teleportation
 h - a scroll of poison
 j - 2 scrolls of enchant armour
 m - 2 scrolls of fear {unknown}
 n - a scroll of magic mapping {unknown}
 p - a scroll of immolation {unknown}
 r - a scroll of torment {unknown}


   Skills:
 * Level 7.0 Fighting
 - Level 8.0 Maces & Flails
 - Level 4.0 Spellcasting
 - Level 3.0 Fire Magic


You had 13 spell levels left.
You knew the following spells:

 Your Spells              Type           Power      Damage    Failure   Level
a - Scorch                Fire           24%        2d6       9%          2

Your spell library contained the following spells:

 Spells                   Type           Power      Damage    Failure   Level
 Foxfire                  Conj/Fire      32%        2x1d5     11%         1
 Ensorcelled Hibernation  Hex/Ice        6%         N/A       30%         2
 Momentum Strike          Conj/Tloc      6%         3d8       30%         2
 Passwall                 Tmut/Erth      2%         N/A       30%         2
 Dazzling Flash           Conj/Hex       6%         N/A       52%         3
 Summon Guardian Golem    Hex/Summ       3%         N/A       52%         3
 Swiftness                Air            3%         N/A       52%         3
 Iskenderun's Mystic Bla  Conj/Tloc      3%         2d3       90%         4
 Fireball                 Conj/Fire      4%         3d4       97%         5
 Summon Forest            Summ/Tloc      1%         N/A       99%         5
 Eringya's Noxious Bog    Tmut/Pois      1%         N/A       100%        6
 Starburst                Conj/Fire      4%         6d3       100%        6
 Orb of Destruction       Conj           1%         9d5       100%        7
 Spellforged Servitor     Conj/Summ      1%         N/A       100%        7
 Summon Hydra             Summ           1%         N/A       100%        7


Dungeon Overview and Level Annotations

Branches:
Dungeon (7/15)             Temple (0/1) D:5

Altars:
Cheibriados
Dithmenos
Okawaru
Qazlal
Trog

Shops:
D:5 *   D:6 :


Innate Abilities, Weirdness & Mutations

You are immune to poison.
Your flesh is cold resistant. (rC+)
You are immune to negative energy. (rN+++)
You are immune to unholy pain and torment.
You are vulnerable to heat. (rF-)
You are in touch with the powers of death.
You do not drink.
You have a special connection with the divine. (Faith)


Message History

Unknown command.
You are too injured to fight recklessly!
Unknown command.
Your +2 dagger of venom stops dripping with poison.
Your -1 mace of flaming bursts into flame!
a - a -1 mace of flaming (weapon)
The kobold brigand is no longer more vulnerable to fire.
Menkaure hits you.
You hit Menkaure. You burn Menkaure.
Menkaure is heavily damaged.
Menkaure hits you but does no damage.
You hit Menkaure. You burn Menkaure.
Menkaure is severely damaged.
Menkaure barely misses you.
You hit Menkaure but do no damage.
Menkaure is severely damaged.
Menkaure completely misses you.
Menkaure murmurs, "It doesn't hurt if you pull your brain out of your nose yourself."
Menkaure hits you!!
* * * LOW HITPOINT WARNING * * *
You hit Menkaure. You burn Menkaure.
You destroy Menkaure!
Your magical contamination has completely faded away.
Training target 8.0 for Maces & Flails reached!
Your Maces & Flails skill increases to level 8!
You need to enable at least one skill for training.
Unknown command.
Unknown command.
Press: ? - help, v - describe, . - travel
Here: a kobold brigand, wielding a +2 dagger of venom and quivering poisoned darts (lightly wounded)
The floor.
Unknown command.
Unknown command.
A protective cloak of flame settles atop you.
The air fills with toxic fumes!
As you read the scroll of poison, it crumbles to dust.
The kobold brigand barely misses you.
The kobold brigand attacks as you move away!
The kobold brigand hits you with a +2 dagger of venom.
You die...

#######o## #.§KK)Ko.#
##K######.. #@§# #§##
###§### #.§§..##
#.§§#..# #§§§..^#
######## #§#§#..#
........# ##......#
........#####..#.#..#


You could see a kobold brigand and a kobold.

Vanquished Creatures
  2 hornets
  Sigmund (D:4)
  Menkaure (D:7)
  Duvessa (D:4)
  2 sky beasts
  A black bear (D:5)
  2 ogres (D:6)
  A bullfrog (D:6)
  Dowan (D:4)
  A jelly (D:6)
  A hound (D:3)
  Crazy Yiuf (D:4)
  2 gnoll boudas (D:4)
  3 orc priests
  2 iguanas (D:5)
  2 orc wizards
  A mummy (D:3)
  12 gnolls
  2 adders
  A white imp (D:7)
  An ufetubus (D:4)
  An adder zombie (D:2)
  An adder skeleton (D:2)
  A worm (D:2)
  The ghost of Esekla the Sneak, a weakling OpDe (D:5)
  2 dart slugs
  10 orcs
  A bat zombie (D:2)
  4 endoplasms
  8 giant cockroaches
  9 goblins
  13 hobgoblins
  6 jackals
  10 kobolds
  6 quokkas
  6 ball pythons
  A ball python skeleton (D:2)
  A ball python zombie (D:2)
  A bat (D:2)
  2 frilled lizards
  A goblin skeleton (D:7)
  4 hobgoblin zombies (D:7)
  A kobold skeleton (D:7)
  An orc zombie (D:7)
  A quokka skeleton (D:2)
  7 rats
140 creatures vanquished.

Vanquished Creatures (others)
  2 plants (D:4)
  2 withered plants (D:2)
4 creatures vanquished.

Grand Total: 144 creatures vanquished

Notes
Turn   | Place    | Note
-------+----------+-------------------------------------------
     0 | D:1      | browni3141 the Mummy Cinder Acolyte began the quest for the
                  | Orb.
     0 | D:1      | Reached XP level 1. HP: 18/18 MP: 2/2
   182 | D:1      | Reached skill level 3 in Maces & Flails
   182 | D:1      | Reached XP level 2. HP: 10/24 MP: 4/4
   487 | D:2      | Learned a level 2 spell: Scorch
   543 | D:2      | Gained mutation: You are in touch with the powers of death.
                  | [Mummy growth]
   543 | D:2      | Reached XP level 3. HP: 28/29 MP: 6/6
  1191 | D:2      | Reached XP level 4. HP: 14/35 MP: 7/7
  1763 | D:3      | Got the Dissertation on Translocational Wildfire
  1766 | D:3      | Found a bloodstained altar of Trog.
  1972 | D:3      | Found a stormy altar of Qazlal.
  2053 | D:3      | Found an iron altar of Okawaru.
  2142 | D:3      | Found a shadowy altar of Dithmenos.
  2341 | D:3      | Found a snail-covered altar of Cheibriados.
  2346 | D:3      | Reached skill level 4 in Maces & Flails
  2368 | D:3      | Reached XP level 5. HP: 41/41 MP: 1/8
  2514 | D:4      | Noticed Dowan
  2517 | D:4      | Noticed Duvessa
  2546 | D:4      | Noticed Sigmund
  2560 | D:4      | Killed Sigmund
  2561 | D:4      | Reached skill level 5 in Maces & Flails
  2561 | D:4      | Reached XP level 6. HP: 30/48 MP: 7/9
  2618 | D:4      | Killed Dowan
  2619 | D:4      | Killed Duvessa
  2795 | D:4      | Reached XP level 7. HP: 43/55 MP: 10/10
  3423 | D:4      | Found a runed translucent door.
  3424 | D:4      | Noticed Crazy Yiuf
  3536 | D:4      | Killed Crazy Yiuf
  3537 | D:4      | Reached skill level 5 in Fighting
  3537 | D:4      | Reached skill level 6 in Maces & Flails
  3611 | D:5      | Entered Level 5 of the Dungeon
  3650 | D:5      | Found Cidoq's Assorted Antiques.
  3788 | D:5      | Found a runed translucent door.
  3796 | D:5      | Noticed Esekla's ghost (weakling OpDe)
  4091 | D:5      | Found a staircase to the Ecumenical Temple.
  4488 | D:5      | Bought a scroll labelled PONIC ETHRO for 22 gold pieces
  4488 | D:5      | Bought a scroll labelled COZEZ UNAGIGG for 22 gold pieces
  4488 | D:5      | Bought a scroll labelled VOF UCANEDA for 22 gold pieces
  4488 | D:5      | Bought a scroll labelled FEN FAUFRAN for 22 gold pieces
  4488 | D:5      | Bought a scroll labelled LOGGAM VOECZENI for 22 gold pieces
  4760 | D:5      | Found Cidoq's Assorted Antiques.
  4900 | D:5      | Found a runed translucent door.
  5014 | D:5      | Found a staircase to the Ecumenical Temple.
  5222 | D:5      | Killed Esekla's ghost
  5276 | D:6      | Reached skill level 7 in Maces & Flails
  5369 | D:6      | Found Bociges's Tremendous Tomes.
  5419 | D:6      | Reached XP level 8. HP: 49/62 MP: 11/11
  5487 | D:6      | Noticed a hornet
  5498 | D:6      | Killed a hornet
  6504 | D:7      | Noticed a hornet
  6518 | D:7      | Killed a hornet
  6700 | D:7      | Identified the ring of Vaoskenn {Fly rElec rN+ Dex+5
                  | Stlth-}
  6702 | D:7      | Noticed Menkaure
  6719 | D:7      | HP: 2/67 [Menkaure (21)]
  6720 | D:7      | Killed Menkaure
  6721 | D:7      | Reached skill level 8 in Maces & Flails
  6724 | D:7      | Slain by a kobold brigand

Illustrated notes

Levels and vault maps discovered:
D:1:      dpeg_arrival_rooms_a, layout_rooms, minmay_vboxes
D:2:      minmay_alternating_diamond, layout_basic, serial_undead,
          serial_undead_c, serial_undead_a, serial_undead_e, serial_undead_b,
          minmay_misc_feat_doors
D:3:      layout_rooms, trog_book, slow_altar_1,
          mainiacjoe_overflow_small_starburst, nicolae_qazlal_scattered_showers,
          kennysheep_okawaru_gauntlet
D:4:      layout_rooms, serial_bayou_pond_a, uniq_sigmund, uniq_duvessa,
          uniq_crazy_yiuf_cottage
D:5:      layout_gridville, minmay_temple_entry_mist, serial_shops,
          nicolae_inconvenience_store, ebering_ghost_reflecting_pool,
          minmay_misc_feat_alley
D:6:      layout_rooms, nicolae_shop_i_like_big_books
D:7:      layout_rooms, lemuel_tele_altar, mainiacjoe_overflow_alcove_2,
          nicolae_tso_besieged_by_evil, serial_co_window_serial,
          co_window_paths_a, co_window_corner_a, co_window_cross_1,
          co_window_of_opportunity_a, co_window_paths_a, co_window_paths_a,
          co_window_paths_b, co_window_2corner, co_window_2corner,
          co_window_corner_b, co_window_unsneaky_path_c, glass_columns_a,
          glass_columns_a, glass_columns_a, uniq_menkaure

Skill      XL: |  1  2  3  4  5  6  7  8 |
---------------+-------------------------+-----
Maces & Flails | 3 4 5 7 8 |  8.0
Spellcasting   | 2 4 |  4.0
Fire Magic     | 3 |  3.0
Fighting       | 4 5 7 |  7.0

Action                     |  1- 3 |  4- 6 |  7- 9 || total
---------------------------+-------+-------+-------++-------
  Melee: Mace              |   112 |       |     8 ||   120
         Dagger            |     6 |   138 |    82 ||   226
         Punch             |       |     1 |     2 ||     3
         Flail             |       |       |    17 ||    17
   Cast: Scorch            |       |    13 |    72 ||    85
 Invoke: Fiery Armour      |     2 |     1 |     3 ||     6
    Use: Scroll            |       |       |     7 ||     7
 Armour: Robe              |    10 |       |       ||    10
         Leather armour    |    28 |    39 |    31 ||    98
  Dodge: Dodged            |    83 |   104 |    80 ||   267

Table legend: (Time is in decaauts)
 A = Elapsed time spent in this place.
 B = Non-inter-level travel time spent in this place.
 C = Inter-level travel time spent in this place.
 D = Time resting spent in this place.
 E = Time spent auto-exploring this place.
 F = Levels seen in this place.
 G = Mean time per level.
                   A        B        C        D        E       F      G
               +--------+--------+--------+--------+--------+-----+--------+
         Total |   6748 |   6484 |    264 |    537 |   4669 |   7 |  964.0 |
       Dungeon |   6748 |   6484 |    264 |    537 |   4669 |   7 |  964.0 |
               +--------+--------+--------+--------+--------+-----+--------+

Top non-repeatable levels by time:
     D:5: 1649 daAuts
     D:2: 1389 daAuts
     D:6: 1072 daAuts
     D:3: 903 daAuts
     D:4: 855 daAuts
     D:1: 490 daAuts
     D:7: 388 daAuts
